Workbook
Name Date_Dépenses: 'Dépenses recettes bruts'!$A$3:$A$10000
Name Date_Recettes: 'Dépenses recettes bruts'!$H$3:$H$10000
Name Montant_Dépenses: 'Dépenses recettes bruts'!$F$3:$F$10000
Name Montant_Recettes: 'Dépenses recettes bruts'!$M$3:$M$10000
Name Type_Dépenses: 'Dépenses recettes bruts'!$D$3:$D$10000
Name Type_Recettes: 'Dépenses recettes bruts'!$K$3:$K$10000

Sheet Explication du fichier
E2: Fichier de trésorerie associatif à destination des bureaux

Sheet Récapitulatif
B2: Plan de trésorerie | C2: janv. | D2: févr. | E2: mars | F2: avr. | G2: mai | H2: juin | I2: juil. | J2: août | K2: sept. | L2: oct. | M2: nov. | N2: déc.
B3: Solde début de mois | C3: ='Plan de trésorerie'!C3 -> 0 | D3: ='Plan de trésorerie'!D3 -> 0 | E3: ='Plan de trésorerie'!E3 -> 0 | F3: ='Plan de trésorerie'!F3 -> 0 | G3: ='Plan de trésorerie'!G3 -> 0 | H3: ='Plan de trésorerie'!H3 -> 0 | I3: ='Plan de trésorerie'!I3 -> 0 | J3: ='Plan de trésorerie'!J3 -> 0 | ... N3: ='Plan de trésorerie'!N3 -> 77.5
B4: Recettes + Recettes projetés | C4: ='Plan de trésorerie'!C4 -> 0 | D4: ='Plan de trésorerie'!D4 -> 0 | E4: ='Plan de trésorerie'!E4 -> 0 | F4: ='Plan de trésorerie'!F4 -> 0 | G4: ='Plan de trésorerie'!G4 -> 0 | H4: ='Plan de trésorerie'!H4 -> 0 | I4: ='Plan de trésorerie'!I4 -> 0 | J4: ='Plan de trésorerie'!J4 -> 0 | ... N4: ='Plan de trésorerie'!N4 -> 0
B5: Dépenses + Dépenses projetées | C5: ='Plan de trésorerie'!C5 -> 0 | D5: ='Plan de trésorerie'!D5 -> 0 | E5: ='Plan de trésorerie'!E5 -> 0 | F5: ='Plan de trésorerie'!F5 -> 0 | G5: ='Plan de trésorerie'!G5 -> 0 | H5: ='Plan de trésorerie'!H5 -> 0 | I5: ='Plan de trésorerie'!I5 -> 0 | J5: ='Plan de trésorerie'!J5 -> 0 | ... N5: ='Plan de trésorerie'!N5 -> 0
B6: Solde fin de mois | C6: ='Plan de trésorerie'!C6 -> 0 | D6: ='Plan de trésorerie'!D6 -> 0 | E6: ='Plan de trésorerie'!E6 -> 0 | F6: ='Plan de trésorerie'!F6 -> 0 | G6: ='Plan de trésorerie'!G6 -> 0 | H6: ='Plan de trésorerie'!H6 -> 0 | I6: ='Plan de trésorerie'!I6 -> 0 | J6: ='Plan de trésorerie'!J6 -> 0 | ... N6: ='Plan de trésorerie'!N6 -> 77.5
B8: Réel | C8: janv. | D8: févr. | E8: mars | F8: avr. | G8: mai | H8: juin | I8: juil. | J8: août | K8: sept. | L8: oct. | M8: nov. | N8: déc.
B9: Solde début de mois | C9: ='Plan de trésorerie'!C3 -> 0 | D9: =C12 -> 0 | E9: =D12 -> 0 | F9: =E12 -> 0 | G9: =F12 -> 0 | H9: =G12 -> 0 | I9: =H12 -> 0 | J9: =I12 -> 0 | K9: =J12 -> 0 | ... N9: =M12 -> 77.5
B10: Recettes | C10: =('Recettes analytique'!C2)-C9 -> 0 | D10: =('Recettes analytique'!D2) -> 0 | E10: =('Recettes analytique'!E2) -> 0 | F10: =('Recettes analytique'!F2) -> 0 | G10: =('Recettes analytique'!G2) -> 0 | H10: =('Recettes analytique'!H2) -> 0 | I10: =('Recettes analytique'!I2) -> 0 | J10: =('Recettes analytique'!J2) -> 0 | K10: =('Recettes analytique'!K2) -> 1552.5 | ... N10: =('Recettes analytique'!N2) -> 0
B11: Dépenses | C11: ='Dépenses analytique'!C27 -> 0 | D11: ='Dépenses analytique'!D27 -> 0 | E11: ='Dépenses analytique'!E27 -> 0 | F11: ='Dépenses analytique'!F27 -> 0 | G11: ='Dépenses analytique'!G27 -> 0 | H11: ='Dépenses analytique'!H27 -> 0 | I11: ='Dépenses analytique'!I27 -> 0 | J11: ='Dépenses analytique'!J27 -> 0 | ... N11: ='Dépenses analytique'!N27 -> 0
B12: Solde fin de mois | C12: =C9+C10-C11 -> 0 | D12: =D9+D10-D11 -> 0 | E12: =E9+E10-E11 -> 0 | F12: =F9+F10-F11 -> 0 | G12: =G9+G10-G11 -> 0 | H12: =H9+H10-H11 -> 0 | I12: =I9+I10-I11 -> 0 | J12: =J9+J10-J11 -> 0 | ... N12: =N9+N10-N11 -> 77.5
B14: RESULTAT DE L'EXERCICE | C14: ='Compte de résultat'!B42 -> 77.5

Sheet Dépenses recettes bruts
A1: Dépenses | H1: Recettes | U1: Liste cat dépenses | Y1: SUIVIS - Espece | AA1: Type de monnaie | AB1: NB de piece | AC1: TOTAL montant
A2: Date | B2: Désignation | C2: Libellé écriture | D2: Usage | E2: Type | F2: Montant | H2: Date | I2: Désignation | J2: Libellé écriture | K2: Catégorie | L2: Type | M2: Montant | U2: Assurance | AA2: Billet 50 | AC2: =AB2*50 -> 0
A3: 45911 | B3: Achat 50x Sac à dos | C3: 50x Sac à dos SWAT Prenium 42L | D3: Goodies | E3: Espèce | F3: =50*29.5 -> 1475 | H3: 45887 | I3: BUREAU 3EME CIE | J3: Solde initial | K3: Report à nouveau | L3: Virement | M3: 0 | U3: Autres communication | AA3: Billet 20 | AC3: =AB3*20 -> 0
H4: 45910 | I4: Espece pour sac (35 ou 5,50) | J4: Apport membres | K4: Apport membres | L4: Espèce | M4: 1552.5 | U4: Autres frais de fonctionnement | AA4: Billet 10 | AC4: =AB4*10 -> 0
U5: Autres Logistique | AA5: Billet 5 | AB5: 8 | AC5: =AB5*5 -> 40
U6: Autres orga évent
U7: Banque | AA7: Piece de 2 | AB7: 6 | AC7: =AB7*2 -> 12
U8: Boissons / Nourriture | AA8: Piece de 1 | AB8: 18 | AC8: =AB8*1 -> 18
U9: Consommables | AA9: Piece de 0,50 | AB9: 10 | AC9: =AB9*0.5 -> 5
U10: Décoration | AA10: Piece de 0,20 | AB10: 11 | AC10: =AB10*0.2 -> 2.2
U11: Fournitures | AA11: Piece de 0,10 | AB11: 3 | AC11: =AB11*0.1 -> 0.3
U12: Frais de représentation | AN12: =AM13/61 -> 2.4918033
U13: Goodies | AA13: TOTAL | AB13: =SUM(AB2:AB11) -> 56 | AC13: =SUM(AC2:AC11) -> 77.5 | AK13: 38 | AL13: 4 | AM13: =AK13*AL13 -> 152 | AO13: =AM13/AK14 -> 0.34782609
U14: Location / Prestataires | AE14: CALISE | AF14: 35 | AK14: =264+173 -> 437 | AL14: 4 | AM14: =AK14*AL14 -> 1748 | AN14: =AM14+AM13 -> 1900 | AO14: =AN14/AK14 -> 4.3478261
U15: Location véhicules et assimilés | AE15: FOFANA | AF15: 5.5
U16: Matériel communication réutilisable | AE16: GOURGON | AF16: 35
U17: Matériel logistique réutilisable | AE17: LALANE | AF17: 35 | AH17: 468 | AI17: 3 | AJ17: =AH17*AI17 -> 1404
U18: Matériel orga évent | AE18: HILDALGO | AF18: 35 | AH18: 468 | AI18: 4 | AJ18: =AH18*AI18 -> 1872 | AN18: 43
U19: Publicité sponsorisé | AE19: MACAINE | AF19: 35 | AJ19: =AJ18-AJ17 -> 468 | AM19: 40 | AN19: =AM19*AO13 -> 13.913043
U20: Récompenses et cadeaux | AE20: PLAGNET | AF20: 35
U21: Remboursement / Défraiement | AE21: ZABAAT | AF21: 5.5
AF22: =SUM(AF14:AF21) -> 221
AF23: =AF22+AC13 -> 298.5
D1048576: Remboursement / Défraiement

Sheet Dépenses analytique
B1: Dépenses | C1: 36526 | D1: 36557 | E1: 36586 | F1: 36617 | G1: 36647 | H1: 36678 | I1: 36708 | J1: 36739 | K1: 36770 | L1: 36800 | M1: 36831 | N1: 36861 | O1: Total
B2: Totaux mensuels : Organisation événements | C2: =SUM(C3:C8) -> 0 | D2: =SUM(D3:D8) -> 0 | E2: =SUM(E3:E8) -> 0 | F2: =SUM(F3:F8) -> 0 | G2: =SUM(G3:G8) -> 0 | H2: =SUM(H3:H8) -> 0 | I2: =SUM(I3:I8) -> 0 | J2: =SUM(J3:J8) -> 0 | ... N2: =SUM(N3:N8) -> 0 | O2: =SUM(C2:N2) -> 0
B3: Location / Prestataires | C3: {=SUMPRODUCT((Type_Dépenses=$B3)*(MONTH(Date_Dépenses)=MONTH(C$1))*(Montant_Dépenses))} -> 0 | D3: {=SUMPRODUCT((Type_Dépenses=$B3)*(MONTH(Date_Dépenses)=MONTH(D$1))*(Montant_Dépenses))} -> 0 | E3: {=SUMPRODUCT((Type_Dépenses=$B3)*(MONTH(Date_Dépenses)=MONTH(E$1))*(Montant_Dépenses))} -> 0 | F3: {=SUMPRODUCT((Type_Dépenses=$B3)*(MONTH(Date_Dépenses)=MONTH(F$1))*(Montant_Dépenses))} -> 0 | G3: {=SUMPRODUCT((Type_Dépenses=$B3)*(MONTH(Date_Dépenses)=MONTH(G$1))*(Montant_Dépenses))} -> 0 | H3: {=SUMPRODUCT((Type_Dépenses=$B3)*(MONTH(Date_Dépenses)=MONTH(H$1))*(Montant_Dépenses))} -> 0 | I3: {=SUMPRODUCT((Type_Dépenses=$B3)*(MONTH(Date_Dépenses)=MONTH(I$1))*(Montant_Dépenses))} -> 0 | J3: {=SUMPRODUCT((Type_Dépenses=$B3)*(MONTH(Date_Dépenses)=MONTH(J$1))*(Montant_Dépenses))} -> 0 | ... N3: {=SUMPRODUCT((Type_Dépenses=$B3)*(MONTH(Date_Dépenses)=MONTH(N$1))*(Montant_Dépenses))} -> 0 | O3: =SUM(C3:N3) -> 0
B4: Boissons / Nourriture | C4: {=SUMPRODUCT((Type_Dépenses=$B4)*(MONTH(Date_Dépenses)=MONTH(C$1))*(Montant_Dépenses))} -> 0 | D4: {=SUMPRODUCT((Type_Dépenses=$B4)*(MONTH(Date_Dépenses)=MONTH(D$1))*(Montant_Dépenses))} -> 0 | E4: {=SUMPRODUCT((Type_Dépenses=$B4)*(MONTH(Date_Dépenses)=MONTH(E$1))*(Montant_Dépenses))} -> 0 | F4: {=SUMPRODUCT((Type_Dépenses=$B4)*(MONTH(Date_Dépenses)=MONTH(F$1))*(Montant_Dépenses))} -> 0 | G4: {=SUMPRODUCT((Type_Dépenses=$B4)*(MONTH(Date_Dépenses)=MONTH(G$1))*(Montant_Dépenses))} -> 0 | H4: {=SUMPRODUCT((Type_Dépenses=$B4)*(MONTH(Date_Dépenses)=MONTH(H$1))*(Montant_Dépenses))} -> 0 | I4: {=SUMPRODUCT((Type_Dépenses=$B4)*(MONTH(Date_Dépenses)=MONTH(I$1))*(Montant_Dépenses))} -> 0 | J4: {=SUMPRODUCT((Type_Dépenses=$B4)*(MONTH(Date_Dépenses)=MONTH(J$1))*(Montant_Dépenses))} -> 0 | ... N4: {=SUMPRODUCT((Type_Dépenses=$B4)*(MONTH(Date_Dépenses)=MONTH(N$1))*(Montant_Dépenses))} -> 0 | O4: =SUM(C4:N4) -> 0
B5: Décoration | C5: {=SUMPRODUCT((Type_Dépenses=$B5)*(MONTH(Date_Dépenses)=MONTH(C$1))*(Montant_Dépenses))} -> 0 | D5: {=SUMPRODUCT((Type_Dépenses=$B5)*(MONTH(Date_Dépenses)=MONTH(D$1))*(Montant_Dépenses))} -> 0 | E5: {=SUMPRODUCT((Type_Dépenses=$B5)*(MONTH(Date_Dépenses)=MONTH(E$1))*(Montant_Dépenses))} -> 0 | F5: {=SUMPRODUCT((Type_Dépenses=$B5)*(MONTH(Date_Dépenses)=MONTH(F$1))*(Montant_Dépenses))} -> 0 | G5: {=SUMPRODUCT((Type_Dépenses=$B5)*(MONTH(Date_Dépenses)=MONTH(G$1))*(Montant_Dépenses))} -> 0 | H5: {=SUMPRODUCT((Type_Dépenses=$B5)*(MONTH(Date_Dépenses)=MONTH(H$1))*(Montant_Dépenses))} -> 0 | I5: {=SUMPRODUCT((Type_Dépenses=$B5)*(MONTH(Date_Dépenses)=MONTH(I$1))*(Montant_Dépenses))} -> 0 | J5: {=SUMPRODUCT((Type_Dépenses=$B5)*(MONTH(Date_Dépenses)=MONTH(J$1))*(Montant_Dépenses))} -> 0 | ... N5: {=SUMPRODUCT((Type_Dépenses=$B5)*(MONTH(Date_Dépenses)=MONTH(N$1))*(Montant_Dépenses))} -> 0 | O5: =SUM(C5:N5) -> 0
B6: Matériel orga évent | C6: {=SUMPRODUCT((Type_Dépenses=$B6)*(MONTH(Date_Dépenses)=MONTH(C$1))*(Montant_Dépenses))} -> 0 | D6: {=SUMPRODUCT((Type_Dépenses=$B6)*(MONTH(Date_Dépenses)=MONTH(D$1))*(Montant_Dépenses))} -> 0 | E6: {=SUMPRODUCT((Type_Dépenses=$B6)*(MONTH(Date_Dépenses)=MONTH(E$1))*(Montant_Dépenses))} -> 0 | F6: {=SUMPRODUCT((Type_Dépenses=$B6)*(MONTH(Date_Dépenses)=MONTH(F$1))*(Montant_Dépenses))} -> 0 | G6: {=SUMPRODUCT((Type_Dépenses=$B6)*(MONTH(Date_Dépenses)=MONTH(G$1))*(Montant_Dépenses))} -> 0 | H6: {=SUMPRODUCT((Type_Dépenses=$B6)*(MONTH(Date_Dépenses)=MONTH(H$1))*(Montant_Dépenses))} -> 0 | I6: {=SUMPRODUCT((Type_Dépenses=$B6)*(MONTH(Date_Dépenses)=MONTH(I$1))*(Montant_Dépenses))} -> 0 | J6: {=SUMPRODUCT((Type_Dépenses=$B6)*(MONTH(Date_Dépenses)=MONTH(J$1))*(Montant_Dépenses))} -> 0 | ... N6: {=SUMPRODUCT((Type_Dépenses=$B6)*(MONTH(Date_Dépenses)=MONTH(N$1))*(Montant_Dépenses))} -> 0 | O6: =SUM(C6:N6) -> 0
B7: Récompenses et cadeaux | C7: {=SUMPRODUCT((Type_Dépenses=$B7)*(MONTH(Date_Dépenses)=MONTH(C$1))*(Montant_Dépenses))} -> 0 | D7: {=SUMPRODUCT((Type_Dépenses=$B7)*(MONTH(Date_Dépenses)=MONTH(D$1))*(Montant_Dépenses))} -> 0 | E7: {=SUMPRODUCT((Type_Dépenses=$B7)*(MONTH(Date_Dépenses)=MONTH(E$1))*(Montant_Dépenses))} -> 0 | F7: {=SUMPRODUCT((Type_Dépenses=$B7)*(MONTH(Date_Dépenses)=MONTH(F$1))*(Montant_Dépenses))} -> 0 | G7: {=SUMPRODUCT((Type_Dépenses=$B7)*(MONTH(Date_Dépenses)=MONTH(G$1))*(Montant_Dépenses))} -> 0 | H7: {=SUMPRODUCT((Type_Dépenses=$B7)*(MONTH(Date_Dépenses)=MONTH(H$1))*(Montant_Dépenses))} -> 0 | I7: {=SUMPRODUCT((Type_Dépenses=$B7)*(MONTH(Date_Dépenses)=MONTH(I$1))*(Montant_Dépenses))} -> 0 | J7: {=SUMPRODUCT((Type_Dépenses=$B7)*(MONTH(Date_Dépenses)=MONTH(J$1))*(Montant_Dépenses))} -> 0 | ... N7: {=SUMPRODUCT((Type_Dépenses=$B7)*(MONTH(Date_Dépenses)=MONTH(N$1))*(Montant_Dépenses))} -> 0 | O7: =SUM(C7:N7) -> 0
B8: Autres orga évent | C8: {=SUMPRODUCT((Type_Dépenses=$B8)*(MONTH(Date_Dépenses)=MONTH(C$1))*(Montant_Dépenses))} -> 0 | D8: {=SUMPRODUCT((Type_Dépenses=$B8)*(MONTH(Date_Dépenses)=MONTH(D$1))*(Montant_Dépenses))} -> 0 | E8: {=SUMPRODUCT((Type_Dépenses=$B8)*(MONTH(Date_Dépenses)=MONTH(E$1))*(Montant_Dépenses))} -> 0 | F8: {=SUMPRODUCT((Type_Dépenses=$B8)*(MONTH(Date_Dépenses)=MONTH(F$1))*(Montant_Dépenses))} -> 0 | G8: {=SUMPRODUCT((Type_Dépenses=$B8)*(MONTH(Date_Dépenses)=MONTH(G$1))*(Montant_Dépenses))} -> 0 | H8: {=SUMPRODUCT((Type_Dépenses=$B8)*(MONTH(Date_Dépenses)=MONTH(H$1))*(Montant_Dépenses))} -> 0 | I8: {=SUMPRODUCT((Type_Dépenses=$B8)*(MONTH(Date_Dépenses)=MONTH(I$1))*(Montant_Dépenses))} -> 0 | J8: {=SUMPRODUCT((Type_Dépenses=$B8)*(MONTH(Date_Dépenses)=MONTH(J$1))*(Montant_Dépenses))} -> 0 | ... N8: {=SUMPRODUCT((Type_Dépenses=$B8)*(MONTH(Date_Dépenses)=MONTH(N$1))*(Montant_Dépenses))} -> 0 | O8: =SUM(C8:N8) -> 0
B9: Totaux mensuels : Logistique | C9: =SUM(C10:C13) -> 0 | D9: =SUM(D10:D13) -> 0 | E9: =SUM(E10:E13) -> 0 | F9: =SUM(F10:F13) -> 0 | G9: =SUM(G10:G13) -> 0 | H9: =SUM(H10:H13) -> 0 | I9: =SUM(I10:I13) -> 0 | J9: =SUM(J10:J13) -> 0 | ... N9: =SUM(N10:N13) -> 0 | O9: =SUM(C9:N9) -> 0
B10: Location véhicules et assimilés | C10: {=SUMPRODUCT((Type_Dépenses=$B10)*(MONTH(Date_Dépenses)=MONTH(C$1))*(Montant_Dépenses))} -> 0 | D10: {=SUMPRODUCT((Type_Dépenses=$B10)*(MONTH(Date_Dépenses)=MONTH(D$1))*(Montant_Dépenses))} -> 0 | E10: {=SUMPRODUCT((Type_Dépenses=$B10)*(MONTH(Date_Dépenses)=MONTH(E$1))*(Montant_Dépenses))} -> 0 | F10: {=SUMPRODUCT((Type_Dépenses=$B10)*(MONTH(Date_Dépenses)=MONTH(F$1))*(Montant_Dépenses))} -> 0 | G10: {=SUMPRODUCT((Type_Dépenses=$B10)*(MONTH(Date_Dépenses)=MONTH(G$1))*(Montant_Dépenses))} -> 0 | H10: {=SUMPRODUCT((Type_Dépenses=$B10)*(MONTH(Date_Dépenses)=MONTH(H$1))*(Montant_Dépenses))} -> 0 | I10: {=SUMPRODUCT((Type_Dépenses=$B10)*(MONTH(Date_Dépenses)=MONTH(I$1))*(Montant_Dépenses))} -> 0 | J10: {=SUMPRODUCT((Type_Dépenses=$B10)*(MONTH(Date_Dépenses)=MONTH(J$1))*(Montant_Dépenses))} -> 0 | ... N10: {=SUMPRODUCT((Type_Dépenses=$B10)*(MONTH(Date_Dépenses)=MONTH(N$1))*(Montant_Dépenses))} -> 0 | O10: =SUM(C10:N10) -> 0
B11: Matériel logistique réutilisable | C11: {=SUMPRODUCT((Type_Dépenses=$B11)*(MONTH(Date_Dépenses)=MONTH(C$1))*(Montant_Dépenses))} -> 0 | D11: {=SUMPRODUCT((Type_Dépenses=$B11)*(MONTH(Date_Dépenses)=MONTH(D$1))*(Montant_Dépenses))} -> 0 | E11: {=SUMPRODUCT((Type_Dépenses=$B11)*(MONTH(Date_Dépenses)=MONTH(E$1))*(Montant_Dépenses))} -> 0 | F11: {=SUMPRODUCT((Type_Dépenses=$B11)*(MONTH(Date_Dépenses)=MONTH(F$1))*(Montant_Dépenses))} -> 0 | G11: {=SUMPRODUCT((Type_Dépenses=$B11)*(MONTH(Date_Dépenses)=MONTH(G$1))*(Montant_Dépenses))} -> 0 | H11: {=SUMPRODUCT((Type_Dépenses=$B11)*(MONTH(Date_Dépenses)=MONTH(H$1))*(Montant_Dépenses))} -> 0 | I11: {=SUMPRODUCT((Type_Dépenses=$B11)*(MONTH(Date_Dépenses)=MONTH(I$1))*(Montant_Dépenses))} -> 0 | J11: {=SUMPRODUCT((Type_Dépenses=$B11)*(MONTH(Date_Dépenses)=MONTH(J$1))*(Montant_Dépenses))} -> 0 | ... N11: {=SUMPRODUCT((Type_Dépenses=$B11)*(MONTH(Date_Dépenses)=MONTH(N$1))*(Montant_Dépenses))} -> 0 | O11: =SUM(C11:N11) -> 0
B12: Consommables | C12: {=SUMPRODUCT((Type_Dépenses=$B12)*(MONTH(Date_Dépenses)=MONTH(C$1))*(Montant_Dépenses))} -> 0 | D12: {=SUMPRODUCT((Type_Dépenses=$B12)*(MONTH(Date_Dépenses)=MONTH(D$1))*(Montant_Dépenses))} -> 0 | E12: {=SUMPRODUCT((Type_Dépenses=$B12)*(MONTH(Date_Dépenses)=MONTH(E$1))*(Montant_Dépenses))} -> 0 | F12: {=SUMPRODUCT((Type_Dépenses=$B12)*(MONTH(Date_Dépenses)=MONTH(F$1))*(Montant_Dépenses))} -> 0 | G12: {=SUMPRODUCT((Type_Dépenses=$B12)*(MONTH(Date_Dépenses)=MONTH(G$1))*(Montant_Dépenses))} -> 0 | H12: {=SUMPRODUCT((Type_Dépenses=$B12)*(MONTH(Date_Dépenses)=MONTH(H$1))*(Montant_Dépenses))} -> 0 | I12: {=SUMPRODUCT((Type_Dépenses=$B12)*(MONTH(Date_Dépenses)=MONTH(I$1))*(Montant_Dépenses))} -> 0 | J12: {=SUMPRODUCT((Type_Dépenses=$B12)*(MONTH(Date_Dépenses)=MONTH(J$1))*(Montant_Dépenses))} -> 0 | ... N12: {=SUMPRODUCT((Type_Dépenses=$B12)*(MONTH(Date_Dépenses)=MONTH(N$1))*(Montant_Dépenses))} -> 0 | O12: =SUM(C12:N12) -> 0
B13: Autres Logistique | C13: {=SUMPRODUCT((Type_Dépenses=$B13)*(MONTH(Date_Dépenses)=MONTH(C$1))*(Montant_Dépenses))} -> 0 | D13: {=SUMPRODUCT((Type_Dépenses=$B13)*(MONTH(Date_Dépenses)=MONTH(D$1))*(Montant_Dépenses))} -> 0 | E13: {=SUMPRODUCT((Type_Dépenses=$B13)*(MONTH(Date_Dépenses)=MONTH(E$1))*(Montant_Dépenses))} -> 0 | F13: {=SUMPRODUCT((Type_Dépenses=$B13)*(MONTH(Date_Dépenses)=MONTH(F$1))*(Montant_Dépenses))} -> 0 | G13: {=SUMPRODUCT((Type_Dépenses=$B13)*(MONTH(Date_Dépenses)=MONTH(G$1))*(Montant_Dépenses))} -> 0 | H13: {=SUMPRODUCT((Type_Dépenses=$B13)*(MONTH(Date_Dépenses)=MONTH(H$1))*(Montant_Dépenses))} -> 0 | I13: {=SUMPRODUCT((Type_Dépenses=$B13)*(MONTH(Date_Dépenses)=MONTH(I$1))*(Montant_Dépenses))} -> 0 | J13: {=SUMPRODUCT((Type_Dépenses=$B13)*(MONTH(Date_Dépenses)=MONTH(J$1))*(Montant_Dépenses))} -> 0 | ... N13: {=SUMPRODUCT((Type_Dépenses=$B13)*(MONTH(Date_Dépenses)=MONTH(N$1))*(Montant_Dépenses))} -> 0 | O13: =SUM(C13:N13) -> 0
B14: Totaux mensuels : Communication | C14: =SUM(C15:C18) -> 0 | D14: =SUM(D15:D18) -> 0 | E14: =SUM(E15:E18) -> 0 | F14: =SUM(F15:F18) -> 0 | G14: =SUM(G15:G18) -> 0 | H14: =SUM(H15:H18) -> 0 | I14: =SUM(I15:I18) -> 0 | J14: =SUM(J15:J18) -> 0 | ... N14: =SUM(N15:N18) -> 0 | O14: =SUM(C14:N14) -> 1475
B15: Publicité sponsorisé | C15: {=SUMPRODUCT((Type_Dépenses=$B15)*(MONTH(Date_Dépenses)=MONTH(C$1))*(Montant_Dépenses))} -> 0 | D15: {=SUMPRODUCT((Type_Dépenses=$B15)*(MONTH(Date_Dépenses)=MONTH(D$1))*(Montant_Dépenses))} -> 0 | E15: {=SUMPRODUCT((Type_Dépenses=$B15)*(MONTH(Date_Dépenses)=MONTH(E$1))*(Montant_Dépenses))} -> 0 | F15: {=SUMPRODUCT((Type_Dépenses=$B15)*(MONTH(Date_Dépenses)=MONTH(F$1))*(Montant_Dépenses))} -> 0 | G15: {=SUMPRODUCT((Type_Dépenses=$B15)*(MONTH(Date_Dépenses)=MONTH(G$1))*(Montant_Dépenses))} -> 0 | H15: {=SUMPRODUCT((Type_Dépenses=$B15)*(MONTH(Date_Dépenses)=MONTH(H$1))*(Montant_Dépenses))} -> 0 | I15: {=SUMPRODUCT((Type_Dépenses=$B15)*(MONTH(Date_Dépenses)=MONTH(I$1))*(Montant_Dépenses))} -> 0 | J15: {=SUMPRODUCT((Type_Dépenses=$B15)*(MONTH(Date_Dépenses)=MONTH(J$1))*(Montant_Dépenses))} -> 0 | ... N15: {=SUMPRODUCT((Type_Dépenses=$B15)*(MONTH(Date_Dépenses)=MONTH(N$1))*(Montant_Dépenses))} -> 0 | O15: =SUM(C15:N15) -> 0
B16: Matériel communication réutilisable | C16: {=SUMPRODUCT((Type_Dépenses=$B16)*(MONTH(Date_Dépenses)=MONTH(C$1))*(Montant_Dépenses))} -> 0 | D16: {=SUMPRODUCT((Type_Dépenses=$B16)*(MONTH(Date_Dépenses)=MONTH(D$1))*(Montant_Dépenses))} -> 0 | E16: {=SUMPRODUCT((Type_Dépenses=$B16)*(MONTH(Date_Dépenses)=MONTH(E$1))*(Montant_Dépenses))} -> 0 | F16: {=SUMPRODUCT((Type_Dépenses=$B16)*(MONTH(Date_Dépenses)=MONTH(F$1))*(Montant_Dépenses))} -> 0 | G16: {=SUMPRODUCT((Type_Dépenses=$B16)*(MONTH(Date_Dépenses)=MONTH(G$1))*(Montant_Dépenses))} -> 0 | H16: {=SUMPRODUCT((Type_Dépenses=$B16)*(MONTH(Date_Dépenses)=MONTH(H$1))*(Montant_Dépenses))} -> 0 | I16: {=SUMPRODUCT((Type_Dépenses=$B16)*(MONTH(Date_Dépenses)=MONTH(I$1))*(Montant_Dépenses))} -> 0 | J16: {=SUMPRODUCT((Type_Dépenses=$B16)*(MONTH(Date_Dépenses)=MONTH(J$1))*(Montant_Dépenses))} -> 0 | ... N16: {=SUMPRODUCT((Type_Dépenses=$B16)*(MONTH(Date_Dépenses)=MONTH(N$1))*(Montant_Dépenses))} -> 0 | O16: =SUM(C16:N16) -> 0
B17: Goodies | C17: {=SUMPRODUCT((Type_Dépenses=$B17)*(MONTH(Date_Dépenses)=MONTH(C$1))*(Montant_Dépenses))} -> 0 | D17: {=SUMPRODUCT((Type_Dépenses=$B17)*(MONTH(Date_Dépenses)=MONTH(D$1))*(Montant_Dépenses))} -> 0 | E17: {=SUMPRODUCT((Type_Dépenses=$B17)*(MONTH(Date_Dépenses)=MONTH(E$1))*(Montant_Dépenses))} -> 0 | F17: {=SUMPRODUCT((Type_Dépenses=$B17)*(MONTH(Date_Dépenses)=MONTH(F$1))*(Montant_Dépenses))} -> 0 | G17: {=SUMPRODUCT((Type_Dépenses=$B17)*(MONTH(Date_Dépenses)=MONTH(G$1))*(Montant_Dépenses))} -> 0 | H17: {=SUMPRODUCT((Type_Dépenses=$B17)*(MONTH(Date_Dépenses)=MONTH(H$1))*(Montant_Dépenses))} -> 0 | I17: {=SUMPRODUCT((Type_Dépenses=$B17)*(MONTH(Date_Dépenses)=MONTH(I$1))*(Montant_Dépenses))} -> 0 | J17: {=SUMPRODUCT((Type_Dépenses=$B17)*(MONTH(Date_Dépenses)=MONTH(J$1))*(Montant_Dépenses))} -> 0 | ... N17: {=SUMPRODUCT((Type_Dépenses=$B17)*(MONTH(Date_Dépenses)=MONTH(N$1))*(Montant_Dépenses))} -> 0 | O17: =SUM(C17:N17) -> 1475
B18: Autres communication | C18: {=SUMPRODUCT((Type_Dépenses=$B18)*(MONTH(Date_Dépenses)=MONTH(C$1))*(Montant_Dépenses))} -> 0 | D18: {=SUMPRODUCT((Type_Dépenses=$B18)*(MONTH(Date_Dépenses)=MONTH(D$1))*(Montant_Dépenses))} -> 0 | E18: {=SUMPRODUCT((Type_Dépenses=$B18)*(MONTH(Date_Dépenses)=MONTH(E$1))*(Montant_Dépenses))} -> 0 | F18: {=SUMPRODUCT((Type_Dépenses=$B18)*(MONTH(Date_Dépenses)=MONTH(F$1))*(Montant_Dépenses))} -> 0 | G18: {=SUMPRODUCT((Type_Dépenses=$B18)*(MONTH(Date_Dépenses)=MONTH(G$1))*(Montant_Dépenses))} -> 0 | H18: {=SUMPRODUCT((Type_Dépenses=$B18)*(MONTH(Date_Dépenses)=MONTH(H$1))*(Montant_Dépenses))} -> 0 | I18: {=SUMPRODUCT((Type_Dépenses=$B18)*(MONTH(Date_Dépenses)=MONTH(I$1))*(Montant_Dépenses))} -> 0 | J18: {=SUMPRODUCT((Type_Dépenses=$B18)*(MONTH(Date_Dépenses)=MONTH(J$1))*(Montant_Dépenses))} -> 0 | ... N18: {=SUMPRODUCT((Type_Dépenses=$B18)*(MONTH(Date_Dépenses)=MONTH(N$1))*(Montant_Dépenses))} -> 0 | O18: =SUM(C18:N18) -> 0
B19: Totaux mensuels : Frais de fonctionnement | C19: =SUM(C20:C25) -> 0 | D19: =SUM(D20:D25) -> 0 | E19: =SUM(E20:E25) -> 0 | F19: =SUM(F20:F25) -> 0 | G19: =SUM(G20:G25) -> 0 | H19: =SUM(H20:H25) -> 0 | I19: =SUM(I20:I25) -> 0 | J19: =SUM(J20:J25) -> 0 | ... N19: =SUM(N20:N25) -> 0 | O19: =SUM(C19:N19) -> 0
B20: Assurance | C20: {=SUMPRODUCT((Type_Dépenses=$B20)*(MONTH(Date_Dépenses)=MONTH(C$1))*(Montant_Dépenses))} -> 0 | D20: {=SUMPRODUCT((Type_Dépenses=$B20)*(MONTH(Date_Dépenses)=MONTH(D$1))*(Montant_Dépenses))} -> 0 | E20: {=SUMPRODUCT((Type_Dépenses=$B20)*(MONTH(Date_Dépenses)=MONTH(E$1))*(Montant_Dépenses))} -> 0 | F20: {=SUMPRODUCT((Type_Dépenses=$B20)*(MONTH(Date_Dépenses)=MONTH(F$1))*(Montant_Dépenses))} -> 0 | G20: {=SUMPRODUCT((Type_Dépenses=$B20)*(MONTH(Date_Dépenses)=MONTH(G$1))*(Montant_Dépenses))} -> 0 | H20: {=SUMPRODUCT((Type_Dépenses=$B20)*(MONTH(Date_Dépenses)=MONTH(H$1))*(Montant_Dépenses))} -> 0 | I20: {=SUMPRODUCT((Type_Dépenses=$B20)*(MONTH(Date_Dépenses)=MONTH(I$1))*(Montant_Dépenses))} -> 0 | J20: {=SUMPRODUCT((Type_Dépenses=$B20)*(MONTH(Date_Dépenses)=MONTH(J$1))*(Montant_Dépenses))} -> 0 | ... N20: {=SUMPRODUCT((Type_Dépenses=$B20)*(MONTH(Date_Dépenses)=MONTH(N$1))*(Montant_Dépenses))} -> 0 | O20: =SUM(C20:N20) -> 0
B21: Frais de représentation | C21: {=SUMPRODUCT((Type_Dépenses=$B21)*(MONTH(Date_Dépenses)=MONTH(C$1))*(Montant_Dépenses))} -> 0 | D21: {=SUMPRODUCT((Type_Dépenses=$B21)*(MONTH(Date_Dépenses)=MONTH(D$1))*(Montant_Dépenses))} -> 0 | E21: {=SUMPRODUCT((Type_Dépenses=$B21)*(MONTH(Date_Dépenses)=MONTH(E$1))*(Montant_Dépenses))} -> 0 | F21: {=SUMPRODUCT((Type_Dépenses=$B21)*(MONTH(Date_Dépenses)=MONTH(F$1))*(Montant_Dépenses))} -> 0 | G21: {=SUMPRODUCT((Type_Dépenses=$B21)*(MONTH(Date_Dépenses)=MONTH(G$1))*(Montant_Dépenses))} -> 0 | H21: {=SUMPRODUCT((Type_Dépenses=$B21)*(MONTH(Date_Dépenses)=MONTH(H$1))*(Montant_Dépenses))} -> 0 | I21: {=SUMPRODUCT((Type_Dépenses=$B21)*(MONTH(Date_Dépenses)=MONTH(I$1))*(Montant_Dépenses))} -> 0 | J21: {=SUMPRODUCT((Type_Dépenses=$B21)*(MONTH(Date_Dépenses)=MONTH(J$1))*(Montant_Dépenses))} -> 0 | ... N21: {=SUMPRODUCT((Type_Dépenses=$B21)*(MONTH(Date_Dépenses)=MONTH(N$1))*(Montant_Dépenses))} -> 0 | O21: =SUM(C21:N21) -> 0
B22: Fournitures | C22: {=SUMPRODUCT((Type_Dépenses=$B22)*(MONTH(Date_Dépenses)=MONTH(C$1))*(Montant_Dépenses))} -> 0 | D22: {=SUMPRODUCT((Type_Dépenses=$B22)*(MONTH(Date_Dépenses)=MONTH(D$1))*(Montant_Dépenses))} -> 0 | E22: {=SUMPRODUCT((Type_Dépenses=$B22)*(MONTH(Date_Dépenses)=MONTH(E$1))*(Montant_Dépenses))} -> 0 | F22: {=SUMPRODUCT((Type_Dépenses=$B22)*(MONTH(Date_Dépenses)=MONTH(F$1))*(Montant_Dépenses))} -> 0 | G22: {=SUMPRODUCT((Type_Dépenses=$B22)*(MONTH(Date_Dépenses)=MONTH(G$1))*(Montant_Dépenses))} -> 0 | H22: {=SUMPRODUCT((Type_Dépenses=$B22)*(MONTH(Date_Dépenses)=MONTH(H$1))*(Montant_Dépenses))} -> 0 | I22: {=SUMPRODUCT((Type_Dépenses=$B22)*(MONTH(Date_Dépenses)=MONTH(I$1))*(Montant_Dépenses))} -> 0 | J22: {=SUMPRODUCT((Type_Dépenses=$B22)*(MONTH(Date_Dépenses)=MONTH(J$1))*(Montant_Dépenses))} -> 0 | ... N22: {=SUMPRODUCT((Type_Dépenses=$B22)*(MONTH(Date_Dépenses)=MONTH(N$1))*(Montant_Dépenses))} -> 0 | O22: =SUM(C22:N22) -> 0
B23: Banque | C23: {=SUMPRODUCT((Type_Dépenses=$B23)*(MONTH(Date_Dépenses)=MONTH(C$1))*(Montant_Dépenses))} -> 0 | D23: {=SUMPRODUCT((Type_Dépenses=$B23)*(MONTH(Date_Dépenses)=MONTH(D$1))*(Montant_Dépenses))} -> 0 | E23: {=SUMPRODUCT((Type_Dépenses=$B23)*(MONTH(Date_Dépenses)=MONTH(E$1))*(Montant_Dépenses))} -> 0 | F23: {=SUMPRODUCT((Type_Dépenses=$B23)*(MONTH(Date_Dépenses)=MONTH(F$1))*(Montant_Dépenses))} -> 0 | G23: {=SUMPRODUCT((Type_Dépenses=$B23)*(MONTH(Date_Dépenses)=MONTH(G$1))*(Montant_Dépenses))} -> 0 | H23: {=SUMPRODUCT((Type_Dépenses=$B23)*(MONTH(Date_Dépenses)=MONTH(H$1))*(Montant_Dépenses))} -> 0 | I23: {=SUMPRODUCT((Type_Dépenses=$B23)*(MONTH(Date_Dépenses)=MONTH(I$1))*(Montant_Dépenses))} -> 0 | J23: {=SUMPRODUCT((Type_Dépenses=$B23)*(MONTH(Date_Dépenses)=MONTH(J$1))*(Montant_Dépenses))} -> 0 | ... N23: {=SUMPRODUCT((Type_Dépenses=$B23)*(MONTH(Date_Dépenses)=MONTH(N$1))*(Montant_Dépenses))} -> 0 | O23: =SUM(C23:N23) -> 0
B24: Remboursement / Défraiement | C24: {=SUMPRODUCT((Type_Dépenses=$B24)*(MONTH(Date_Dépenses)=MONTH(C$1))*(Montant_Dépenses))} -> 0 | D24: {=SUMPRODUCT((Type_Dépenses=$B24)*(MONTH(Date_Dépenses)=MONTH(D$1))*(Montant_Dépenses))} -> 0 | E24: {=SUMPRODUCT((Type_Dépenses=$B24)*(MONTH(Date_Dépenses)=MONTH(E$1))*(Montant_Dépenses))} -> 0 | F24: {=SUMPRODUCT((Type_Dépenses=$B24)*(MONTH(Date_Dépenses)=MONTH(F$1))*(Montant_Dépenses))} -> 0 | G24: {=SUMPRODUCT((Type_Dépenses=$B24)*(MONTH(Date_Dépenses)=MONTH(G$1))*(Montant_Dépenses))} -> 0 | H24: {=SUMPRODUCT((Type_Dépenses=$B24)*(MONTH(Date_Dépenses)=MONTH(H$1))*(Montant_Dépenses))} -> 0 | I24: {=SUMPRODUCT((Type_Dépenses=$B24)*(MONTH(Date_Dépenses)=MONTH(I$1))*(Montant_Dépenses))} -> 0 | J24: {=SUMPRODUCT((Type_Dépenses=$B24)*(MONTH(Date_Dépenses)=MONTH(J$1))*(Montant_Dépenses))} -> 0 | ... N24: {=SUMPRODUCT((Type_Dépenses=$B24)*(MONTH(Date_Dépenses)=MONTH(N$1))*(Montant_Dépenses))} -> 0 | O24: =SUM(C24:N24) -> 0
B25: Autres frais de fonctionnement | C25: {=SUMPRODUCT((Type_Dépenses=$B25)*(MONTH(Date_Dépenses)=MONTH(C$1))*(Montant_Dépenses))} -> 0 | D25: {=SUMPRODUCT((Type_Dépenses=$B25)*(MONTH(Date_Dépenses)=MONTH(D$1))*(Montant_Dépenses))} -> 0 | E25: {=SUMPRODUCT((Type_Dépenses=$B25)*(MONTH(Date_Dépenses)=MONTH(E$1))*(Montant_Dépenses))} -> 0 | F25: {=SUMPRODUCT((Type_Dépenses=$B25)*(MONTH(Date_Dépenses)=MONTH(F$1))*(Montant_Dépenses))} -> 0 | G25: {=SUMPRODUCT((Type_Dépenses=$B25)*(MONTH(Date_Dépenses)=MONTH(G$1))*(Montant_Dépenses))} -> 0 | H25: {=SUMPRODUCT((Type_Dépenses=$B25)*(MONTH(Date_Dépenses)=MONTH(H$1))*(Montant_Dépenses))} -> 0 | I25: {=SUMPRODUCT((Type_Dépenses=$B25)*(MONTH(Date_Dépenses)=MONTH(I$1))*(Montant_Dépenses))} -> 0 | J25: {=SUMPRODUCT((Type_Dépenses=$B25)*(MONTH(Date_Dépenses)=MONTH(J$1))*(Montant_Dépenses))} -> 0 | ... N25: {=SUMPRODUCT((Type_Dépenses=$B25)*(MONTH(Date_Dépenses)=MONTH(N$1))*(Montant_Dépenses))} -> 0 | O25: =SUM(C25:N25) -> 0
B27: Totaux mensuels : | C27: =SUM(C2,C9,C14,C19) -> 0 | D27: =SUM(D2,D9,D14,D19) -> 0 | E27: =SUM(E2,E9,E14,E19) -> 0 | F27: =SUM(F2,F9,F14,F19) -> 0 | G27: =SUM(G2,G9,G14,G19) -> 0 | H27: =SUM(H2,H9,H14,H19) -> 0 | I27: =SUM(I2,I9,I14,I19) -> 0 | J27: =SUM(J2,J9,J14,J19) -> 0 | ... O27: =SUM(O2,O9,O14,O19) -> 1475

Sheet Recettes analytique
B1: Recettes | C1: 36526 | D1: 36557 | E1: 36586 | F1: 36617 | G1: 36647 | H1: 36678 | I1: 36708 | J1: 36739 | K1: 36770 | L1: 36800 | M1: 36831 | N1: 36861 | O1: Total
B2: Totaux mensuels : | C2: =SUM(C3:C10) -> 0 | D2: =SUM(D3:D10) -> 0 | E2: =SUM(E3:E10) -> 0 | F2: =SUM(F3:F10) -> 0 | G2: =SUM(G3:G10) -> 0 | H2: =SUM(H3:H10) -> 0 | I2: =SUM(I3:I10) -> 0 | J2: =SUM(J3:J10) -> 0 | ... N2: =SUM(N3:N10) -> 0 | O2: =SUM(C2:N2) -> 1552.5
B3: Report à nouveau | C3: {=SUMPRODUCT((Type_Recettes=$B3)*(MONTH(Date_Recettes)=MONTH(C$1))*(Montant_Recettes))} -> 0 | D3: {=SUMPRODUCT((Type_Recettes=$B3)*(MONTH(Date_Recettes)=MONTH(D$1))*(Montant_Recettes))} -> 0 | E3: {=SUMPRODUCT((Type_Recettes=$B3)*(MONTH(Date_Recettes)=MONTH(E$1))*(Montant_Recettes))} -> 0 | F3: {=SUMPRODUCT((Type_Recettes=$B3)*(MONTH(Date_Recettes)=MONTH(F$1))*(Montant_Recettes))} -> 0 | G3: {=SUMPRODUCT((Type_Recettes=$B3)*(MONTH(Date_Recettes)=MONTH(G$1))*(Montant_Recettes))} -> 0 | H3: {=SUMPRODUCT((Type_Recettes=$B3)*(MONTH(Date_Recettes)=MONTH(H$1))*(Montant_Recettes))} -> 0 | I3: {=SUMPRODUCT((Type_Recettes=$B3)*(MONTH(Date_Recettes)=MONTH(I$1))*(Montant_Recettes))} -> 0 | J3: {=SUMPRODUCT((Type_Recettes=$B3)*(MONTH(Date_Recettes)=MONTH(J$1))*(Montant_Recettes))} -> 0 | ... N3: {=SUMPRODUCT((Type_Recettes=$B3)*(MONTH(Date_Recettes)=MONTH(N$1))*(Montant_Recettes))} -> 0 | O3: =SUM(C3:N3) -> 0
B4: Subventions | C4: {=SUMPRODUCT((Type_Recettes=$B4)*(MONTH(Date_Recettes)=MONTH(C$1))*(Montant_Recettes))} -> 0 | D4: {=SUMPRODUCT((Type_Recettes=$B4)*(MONTH(Date_Recettes)=MONTH(D$1))*(Montant_Recettes))} -> 0 | E4: {=SUMPRODUCT((Type_Recettes=$B4)*(MONTH(Date_Recettes)=MONTH(E$1))*(Montant_Recettes))} -> 0 | F4: {=SUMPRODUCT((Type_Recettes=$B4)*(MONTH(Date_Recettes)=MONTH(F$1))*(Montant_Recettes))} -> 0 | G4: {=SUMPRODUCT((Type_Recettes=$B4)*(MONTH(Date_Recettes)=MONTH(G$1))*(Montant_Recettes))} -> 0 | H4: {=SUMPRODUCT((Type_Recettes=$B4)*(MONTH(Date_Recettes)=MONTH(H$1))*(Montant_Recettes))} -> 0 | I4: {=SUMPRODUCT((Type_Recettes=$B4)*(MONTH(Date_Recettes)=MONTH(I$1))*(Montant_Recettes))} -> 0 | J4: {=SUMPRODUCT((Type_Recettes=$B4)*(MONTH(Date_Recettes)=MONTH(J$1))*(Montant_Recettes))} -> 0 | ... N4: {=SUMPRODUCT((Type_Recettes=$B4)*(MONTH(Date_Recettes)=MONTH(N$1))*(Montant_Recettes))} -> 0 | O4: =SUM(C4:N4) -> 0
B5: Sponsoring / Dons | C5: {=SUMPRODUCT((Type_Recettes=$B5)*(MONTH(Date_Recettes)=MONTH(C$1))*(Montant_Recettes))} -> 0 | D5: {=SUMPRODUCT((Type_Recettes=$B5)*(MONTH(Date_Recettes)=MONTH(D$1))*(Montant_Recettes))} -> 0 | E5: {=SUMPRODUCT((Type_Recettes=$B5)*(MONTH(Date_Recettes)=MONTH(E$1))*(Montant_Recettes))} -> 0 | F5: {=SUMPRODUCT((Type_Recettes=$B5)*(MONTH(Date_Recettes)=MONTH(F$1))*(Montant_Recettes))} -> 0 | G5: {=SUMPRODUCT((Type_Recettes=$B5)*(MONTH(Date_Recettes)=MONTH(G$1))*(Montant_Recettes))} -> 0 | H5: {=SUMPRODUCT((Type_Recettes=$B5)*(MONTH(Date_Recettes)=MONTH(H$1))*(Montant_Recettes))} -> 0 | I5: {=SUMPRODUCT((Type_Recettes=$B5)*(MONTH(Date_Recettes)=MONTH(I$1))*(Montant_Recettes))} -> 0 | J5: {=SUMPRODUCT((Type_Recettes=$B5)*(MONTH(Date_Recettes)=MONTH(J$1))*(Montant_Recettes))} -> 0 | ... N5: {=SUMPRODUCT((Type_Recettes=$B5)*(MONTH(Date_Recettes)=MONTH(N$1))*(Montant_Recettes))} -> 0 | O5: =SUM(C5:N5) -> 0
B6: Apport membres | C6: {=SUMPRODUCT((Type_Recettes=$B6)*(MONTH(Date_Recettes)=MONTH(C$1))*(Montant_Recettes))} -> 0 | D6: {=SUMPRODUCT((Type_Recettes=$B6)*(MONTH(Date_Recettes)=MONTH(D$1))*(Montant_Recettes))} -> 0 | E6: {=SUMPRODUCT((Type_Recettes=$B6)*(MONTH(Date_Recettes)=MONTH(E$1))*(Montant_Recettes))} -> 0 | F6: {=SUMPRODUCT((Type_Recettes=$B6)*(MONTH(Date_Recettes)=MONTH(F$1))*(Montant_Recettes))} -> 0 | G6: {=SUMPRODUCT((Type_Recettes=$B6)*(MONTH(Date_Recettes)=MONTH(G$1))*(Montant_Recettes))} -> 0 | H6: {=SUMPRODUCT((Type_Recettes=$B6)*(MONTH(Date_Recettes)=MONTH(H$1))*(Montant_Recettes))} -> 0 | I6: {=SUMPRODUCT((Type_Recettes=$B6)*(MONTH(Date_Recettes)=MONTH(I$1))*(Montant_Recettes))} -> 0 | J6: {=SUMPRODUCT((Type_Recettes=$B6)*(MONTH(Date_Recettes)=MONTH(J$1))*(Montant_Recettes))} -> 0 | ... N6: {=SUMPRODUCT((Type_Recettes=$B6)*(MONTH(Date_Recettes)=MONTH(N$1))*(Montant_Recettes))} -> 0 | O6: =SUM(C6:N6) -> 1552.5
B7: Billetteries | C7: {=SUMPRODUCT((Type_Recettes=$B7)*(MONTH(Date_Recettes)=MONTH(C$1))*(Montant_Recettes))} -> 0 | D7: {=SUMPRODUCT((Type_Recettes=$B7)*(MONTH(Date_Recettes)=MONTH(D$1))*(Montant_Recettes))} -> 0 | E7: {=SUMPRODUCT((Type_Recettes=$B7)*(MONTH(Date_Recettes)=MONTH(E$1))*(Montant_Recettes))} -> 0 | F7: {=SUMPRODUCT((Type_Recettes=$B7)*(MONTH(Date_Recettes)=MONTH(F$1))*(Montant_Recettes))} -> 0 | G7: {=SUMPRODUCT((Type_Recettes=$B7)*(MONTH(Date_Recettes)=MONTH(G$1))*(Montant_Recettes))} -> 0 | H7: {=SUMPRODUCT((Type_Recettes=$B7)*(MONTH(Date_Recettes)=MONTH(H$1))*(Montant_Recettes))} -> 0 | I7: {=SUMPRODUCT((Type_Recettes=$B7)*(MONTH(Date_Recettes)=MONTH(I$1))*(Montant_Recettes))} -> 0 | J7: {=SUMPRODUCT((Type_Recettes=$B7)*(MONTH(Date_Recettes)=MONTH(J$1))*(Montant_Recettes))} -> 0 | ... N7: {=SUMPRODUCT((Type_Recettes=$B7)*(MONTH(Date_Recettes)=MONTH(N$1))*(Montant_Recettes))} -> 0 | O7: =SUM(C7:N7) -> 0
B8: Prestation de services | C8: {=SUMPRODUCT((Type_Recettes=$B8)*(MONTH(Date_Recettes)=MONTH(C$1))*(Montant_Recettes))} -> 0 | D8: {=SUMPRODUCT((Type_Recettes=$B8)*(MONTH(Date_Recettes)=MONTH(D$1))*(Montant_Recettes))} -> 0 | E8: {=SUMPRODUCT((Type_Recettes=$B8)*(MONTH(Date_Recettes)=MONTH(E$1))*(Montant_Recettes))} -> 0 | F8: {=SUMPRODUCT((Type_Recettes=$B8)*(MONTH(Date_Recettes)=MONTH(F$1))*(Montant_Recettes))} -> 0 | G8: {=SUMPRODUCT((Type_Recettes=$B8)*(MONTH(Date_Recettes)=MONTH(G$1))*(Montant_Recettes))} -> 0 | H8: {=SUMPRODUCT((Type_Recettes=$B8)*(MONTH(Date_Recettes)=MONTH(H$1))*(Montant_Recettes))} -> 0 | I8: {=SUMPRODUCT((Type_Recettes=$B8)*(MONTH(Date_Recettes)=MONTH(I$1))*(Montant_Recettes))} -> 0 | J8: {=SUMPRODUCT((Type_Recettes=$B8)*(MONTH(Date_Recettes)=MONTH(J$1))*(Montant_Recettes))} -> 0 | ... N8: {=SUMPRODUCT((Type_Recettes=$B8)*(MONTH(Date_Recettes)=MONTH(N$1))*(Montant_Recettes))} -> 0 | O8: =SUM(C8:N8) -> 0
B9: Remboursements | C9: {=SUMPRODUCT((Type_Recettes=$B9)*(MONTH(Date_Recettes)=MONTH(C$1))*(Montant_Recettes))} -> 0 | D9: {=SUMPRODUCT((Type_Recettes=$B9)*(MONTH(Date_Recettes)=MONTH(D$1))*(Montant_Recettes))} -> 0 | E9: {=SUMPRODUCT((Type_Recettes=$B9)*(MONTH(Date_Recettes)=MONTH(E$1))*(Montant_Recettes))} -> 0 | F9: {=SUMPRODUCT((Type_Recettes=$B9)*(MONTH(Date_Recettes)=MONTH(F$1))*(Montant_Recettes))} -> 0 | G9: {=SUMPRODUCT((Type_Recettes=$B9)*(MONTH(Date_Recettes)=MONTH(G$1))*(Montant_Recettes))} -> 0 | H9: {=SUMPRODUCT((Type_Recettes=$B9)*(MONTH(Date_Recettes)=MONTH(H$1))*(Montant_Recettes))} -> 0 | I9: {=SUMPRODUCT((Type_Recettes=$B9)*(MONTH(Date_Recettes)=MONTH(I$1))*(Montant_Recettes))} -> 0 | J9: {=SUMPRODUCT((Type_Recettes=$B9)*(MONTH(Date_Recettes)=MONTH(J$1))*(Montant_Recettes))} -> 0 | ... N9: {=SUMPRODUCT((Type_Recettes=$B9)*(MONTH(Date_Recettes)=MONTH(N$1))*(Montant_Recettes))} -> 0 | O9: =SUM(C9:N9) -> 0
B10: Autres | C10: {=SUMPRODUCT((Type_Recettes=$B10)*(MONTH(Date_Recettes)=MONTH(C$1))*(Montant_Recettes))} -> 0 | D10: {=SUMPRODUCT((Type_Recettes=$B10)*(MONTH(Date_Recettes)=MONTH(D$1))*(Montant_Recettes))} -> 0 | E10: {=SUMPRODUCT((Type_Recettes=$B10)*(MONTH(Date_Recettes)=MONTH(E$1))*(Montant_Recettes))} -> 0 | F10: {=SUMPRODUCT((Type_Recettes=$B10)*(MONTH(Date_Recettes)=MONTH(F$1))*(Montant_Recettes))} -> 0 | G10: {=SUMPRODUCT((Type_Recettes=$B10)*(MONTH(Date_Recettes)=MONTH(G$1))*(Montant_Recettes))} -> 0 | H10: {=SUMPRODUCT((Type_Recettes=$B10)*(MONTH(Date_Recettes)=MONTH(H$1))*(Montant_Recettes))} -> 0 | I10: {=SUMPRODUCT((Type_Recettes=$B10)*(MONTH(Date_Recettes)=MONTH(I$1))*(Montant_Recettes))} -> 0 | J10: {=SUMPRODUCT((Type_Recettes=$B10)*(MONTH(Date_Recettes)=MONTH(J$1))*(Montant_Recettes))} -> 0 | ... N10: {=SUMPRODUCT((Type_Recettes=$B10)*(MONTH(Date_Recettes)=MONTH(N$1))*(Montant_Recettes))} -> 0 | O10: =SUM(C10:N10) -> 0

Sheet Budget prévisionnel
B2: Budget prévisionnel global | H2: Budget prévisionnel de mon événement
B4: Charges | D4: Produits | H4: Charges | J4: Produits
B5: Intitulé | C5: Montant TTC | D5: Intitulé | E5: Montant TTC | H5: Intitulé | I5: Montant TTC | J5: Intitulé | K5: Montant TTC
B7: Concour inter asso | C7: =SUM(C8:C9) -> 0 | D7: Report | E7: ='Plan de trésorerie'!D3 -> 0 | H7: Event | I7: =SUM(I8:I12) -> 0 | J7: Recette 1 | K7: 0
H8: Poste 1 | I8: 0
D9: Cotisations étudiants | H9: Poste 2 | I9: 0 | J9: Recette 2 | K9: 0
B10: St valentin | C10: =SUM(C11:C13) -> 0 | H10: Poste 3 | I10: 0
D11: Billetteries | E11: =SUM(E12:E13) -> 0 | H11: Poste 4 | I11: 0 | J11: Recette 3 | K11: 0
H12: Poste 5 | I12: 0
J13: Recette 4 | K13: 0
B14: St patrick | C14: =SUM(C15:C16) -> 0
D15: Sponsoring | E15: =SUM(E16:E18) -> 0 | H15: Total des charges | I15: =SUM(I7) -> 0 | J15: Total des produits | K15: =SUM(K7,K9,K11,K13) -> 0
B17: Remboursement sweat | C17: =SUM(C18:C20) -> 0
D19: Recette | E19: =SUM(E20:E21) -> 0
B22: Frais de fonctionnements | C22: =SUM(C23:C24) -> 0 | D22: Remboursement | E22: =SUM(E23:E25) -> 0
B26: Total des charges | C26: =SUM(C10,C7,C14,C22) -> 0 | D26: Total des produits | E26: =SUM(E23,E19,E15,E11,E9,E7) -> 0
C27: =E26-C26 -> 0
B28: TOTAL Génral | C28: =C26+C27 -> 0 | E28: =E26+E27 -> 0

Sheet Bilan financier
B2: Bilan financier consolidé | H2: Bilan financier par événement
B4: Charges | D4: Produits | H4: Charges | J4: Produits
B5: Intitulé | C5: Montant TTC | D5: Intitulé | E5: Montant TTC | H5: Intitulé | I5: Montant TTC | J5: Intitulé | K5: Montant TTC
B7: St valentin | C7: =SUM(C8:C11) -> 0 | D7: Report | E7: =Récapitulatif!D3 -> 0 | H7: Event | I7: =SUM(I8:I12) -> 0 | J7: Recette 1 | K7: 0
H8: Poste 1 | I8: 0
D9: Cotisations étudiants | H9: Poste 2 | I9: 0 | J9: Recette 2 | K9: 0
H10: Poste 3 | I10: 0
D11: Ventes | E11: =SUM(E12:E14) -> 0 | H11: Poste 4 | I11: 0 | J11: Recette 3 | K11: 0
H12: Poste 5 | I12: 0
B13: St patrick | C13: =SUM(C14:C16) -> 0 | J13: Recette 4 | K13: 0
H15: Total des charges | I15: =SUM(I7) -> 0 | J15: Total des produits | K15: =SUM(K7,K9,K11,K13) -> 0
D16: Sponsoring | E16: =SUM(E17:E19) -> 0
B17: Concours inter asso | C17: =SUM(C18:C20) -> 0
D20: Remboursements | E20: =SUM(E21:E22) -> 0
B21: Soirée à thème | C21: =SUM(C22:C24) -> 0
D24: Subventions | E24: =+SUM(E25:E27) -> 0
C26: =SUM(C27) -> 0
C31: =SUM(C32:C33) -> 0
B35: Frais de fonctionnements | C35: =SUM(C36:C37) -> 0
B39: Expos temporaires | C39: =SUM(C40:C41) -> 0
B43: Goodies | C43: =C44 -> 0
C46: =C47 -> 0
B51: Total des charges | C51: =SUM(C29,C31,C13,C7,C17,C21,C26,C35,C39,C43,C46,C49) -> 0 | D51: Total des produits | E51: =SUM(E24,E20,E16,E11,E9,E7) -> 0

Sheet Compte de résultat
A1: Compte de Résultat | B1: Exercice du 18/08/2025 au 31/12/2025
B3: PERIODE EN COURS | C3: N-1
A4: PRODUITS D'EXPLOITATION
A5: Prestations de service | B5: ='Recettes analytique'!O8 -> 0
A6: Billetteries | B6: ='Recettes analytique'!O7 -> 0
A7: Subventions | B7: ='Recettes analytique'!O4 -> 0
A8: Sponsoring / Dons | B8: ='Recettes analytique'!O5 -> 0
A9: Recouvrement (ex : remboursements) | B9: ='Recettes analytique'!O9 -> 0
A10: Membres | B10: ='Recettes analytique'!O6 -> 1552.5
A11: Autres produits d'exploitation | B11: =SUM('Recettes analytique'!O10) -> 0
A12: Total | B12: =SUM(B5:B10) -> 1552.5 | C12: =SUM(C5:C10) -> 0
A13: CHARGES D'EXPLOITATION
A14: Achat de matériel | B14: =-SUM('Dépenses analytique'!O4,'Dépenses analytique'!O5,'Dépenses analytique'!O6,'Dépenses analytique'!O7,'Dépenses analytique'!O11,'Dépenses analytique'!O12,'Dépenses analytique'!O16,'Dépenses analytique'!O17,'Dépenses analytique'!O21) -> -1475
A15: Fournitures administratives (ex : papeterie, fournitures bureau) | B15: =-SUM('Dépenses analytique'!O22) -> 0
A16: Sous-traitance (ex : prestataires, location) | B16: =-SUM('Dépenses analytique'!O3,'Dépenses analytique'!O10,'Dépenses analytique'!O15) -> 0
A17: Charges diverses de gestion courante (ex : banque, assurance) | B17: =-SUM('Dépenses analytique'!O23,'Dépenses analytique'!O20) -> 0
A18: Recouvrement / Défraiement | B18: =-SUM('Dépenses analytique'!O24) -> 0
A19: Autres charges d'exploitation | B19: =-SUM('Dépenses analytique'!O8,'Dépenses analytique'!O13,'Dépenses analytique'!O18,'Dépenses analytique'!O25) -> 0
A20: Total | B20: =SUM(B14:B19) -> -1475 | C20: =SUM(C14:C17) -> 0
A21: RESULTAT D'EXPLOITATION | B21: =B12+B20 -> 77.5 | C21: =C12+C20 -> 0
A23: PRODUITS FINANCIERS
A24: Produits financiers
A25: Revenus des prêts
A26: Total | B26: =SUM(B24:B25) -> 0 | C26: =SUM(C24:C25) -> 0
A27: CHARGES FINANCIERES
A28: Intérêts bancaires | B28: 0
A29: Total | B29: =B28 -> 0 | C29: =C28 -> 0
A30: RESULTAT FINANCIER | B30: =B26+B29 -> 0 | C30: =C26+C29 -> 0
A32: PRODUITS EXCEPTIONNELS
A33: Subvention d'équilibre
A34: Produits sur exercices antérieurs (à reclasser)
A35: Total | B35: =SUM(B33:B34) -> 0 | C35: =SUM(C33:C34) -> 0
A36: CHARGES EXCEPTIONNELLES
A37: Amendes et pénalités
A38: Créances devenues irrécouvrables dans l'exercice
A39: Total | B39: =SUM(B37:B38) -> 0 | C39: =SUM(C37:C38) -> 0
A40: RESULTAT EXCEPTIONNEL | B40: =B35+B39 -> 0 | C40: =C35+C39 -> 0
A42: RESULTAT DE L'EXERCICE | B42: =B21+B30+B40 -> 77.5 | C42: =C21+C30+C40 -> 0

Sheet Plan de trésorerie
B1: Plan de trésorerie combiné au réel
C2: janv. | D2: févr. | E2: mars | F2: avr. | G2: mai | H2: juin | I2: juil. | J2: août | K2: sept. | L2: oct. | M2: nov. | N2: déc.
B3: Solde début de mois | C3: ='Recettes analytique'!O3 -> 0 | D3: =C6 -> 0 | E3: =D6 -> 0 | F3: =E6 -> 0 | G3: =F6 -> 0 | H3: =G6 -> 0 | I3: =H6 -> 0 | J3: =I6 -> 0 | K3: =J6 -> 0 | ... N3: =M6 -> 77.5
B4: Recettes + Recettes projetés | C4: ='Recettes analytique'!C2+'Plan de trésorerie'!C16 -> 0 | D4: ='Recettes analytique'!D2+'Plan de trésorerie'!D16 -> 0 | E4: ='Recettes analytique'!E2+'Plan de trésorerie'!E16 -> 0 | F4: ='Recettes analytique'!F2+'Plan de trésorerie'!F16 -> 0 | G4: ='Recettes analytique'!G2+'Plan de trésorerie'!G16 -> 0 | H4: ='Recettes analytique'!H2+'Plan de trésorerie'!H16 -> 0 | I4: ='Recettes analytique'!I2+'Plan de trésorerie'!I16 -> 0 | J4: ='Recettes analytique'!J2+'Plan de trésorerie'!J16 -> 0 | ... N4: ='Recettes analytique'!N2+'Plan de trésorerie'!N16 -> 0
B5: Dépenses + Dépenses projetées | C5: ='Dépenses analytique'!C27+'Plan de trésorerie'!C9 -> 0 | D5: ='Dépenses analytique'!D27+'Plan de trésorerie'!D9 -> 0 | E5: ='Dépenses analytique'!E27+'Plan de trésorerie'!E9 -> 0 | F5: ='Dépenses analytique'!F27+'Plan de trésorerie'!F9 -> 0 | G5: ='Dépenses analytique'!G27+'Plan de trésorerie'!G9 -> 0 | H5: ='Dépenses analytique'!H27+'Plan de trésorerie'!H9 -> 0 | I5: ='Dépenses analytique'!I27+'Plan de trésorerie'!I9 -> 0 | J5: ='Dépenses analytique'!J27+'Plan de trésorerie'!J9 -> 0 | ... N5: ='Dépenses analytique'!N27+'Plan de trésorerie'!N9 -> 0
B6: Solde fin de mois | C6: =C4-C5 -> 0 | D6: =D3+D4-D5 -> 0 | E6: =D6+E4-E5 -> 0 | F6: =E6+F4-F5 -> 0 | G6: =F6+G4-G5 -> 0 | H6: =G6+H4-H5 -> 0 | I6: =H6+I4-I5 -> 0 | J6: =I6+J4-J5 -> 0 | K6: =J6+K4-K5 -> 77.5 | L6: =K6+L4-L5 -> 77.5 | ... N6: =M6+N4-N5 -> 77.5
B8: Dépenses prévues | C8: 36526 | D8: 36557 | E8: 36586 | F8: 36617 | G8: 36647 | H8: 36678 | I8: 36708 | J8: 36739 | K8: 36770 | L8: 36800 | M8: 36831 | N8: 36861 | O8: Total
B9: Totaux mensuels : | C9: =SUM(C10,C11,C12,C13) -> 0 | D9: =SUM(D10,D11,D12,D13) -> 0 | E9: =SUM(E10,E11,E12,E13) -> 0 | F9: =SUM(F10,F11,F12,F13) -> 0 | G9: =SUM(G10,G11,G12,G13) -> 0 | H9: =SUM(H10,H11,H12,H13) -> 0 | I9: =SUM(I10,I11,I12,I13) -> 0 | J9: =SUM(J10,J11,J12,J13) -> 0 | ... O9: =SUM(O10,O11,O12,O13) -> 0
B10: Organisation événements | C10: 0 | D10: 0 | E10: 0 | F10: 0 | G10: 0 | H10: 0 | I10: 0 | J10: 0 | K10: 0 | M10: 0 | N10: 0 | O10: =SUM(C10:N10) -> 0
B11: Logistique | C11: 0 | D11: 0 | E11: 0 | F11: 0 | G11: 0 | H11: 0 | I11: 0 | J11: 0 | K11: 0 | M11: 0 | N11: 0 | O11: =SUM(C11:N11) -> 0
B12: Communication | C12: 0 | D12: 0 | E12: 0 | F12: 0 | G12: 0 | H12: 0 | I12: 0 | J12: 0 | K12: 0 | M12: 0 | N12: 0 | O12: =SUM(C12:N12) -> 0
B13: Frais de fonctionnement | C13: 0 | D13: 0 | E13: 0 | F13: 0 | G13: 0 | H13: 0 | I13: 0 | J13: 0 | K13: 0 | M13: 0 | N13: 0 | O13: =SUM(C13:N13) -> 0
B15: Recettes prévues | C15: 36526 | D15: 36557 | E15: 36586 | F15: 36617 | G15: 36647 | H15: 36678 | I15: 36708 | J15: 36739 | K15: 36770 | L15: 36800 | M15: 36831 | N15: 36861 | O15: Total
B16: Totaux mensuels : | C16: =SUM(C17:C24) -> 0 | D16: =SUM(D17:D24) -> 0 | E16: =SUM(E17:E24) -> 0 | F16: =SUM(F17:F24) -> 0 | G16: =SUM(G17:G24) -> 0 | H16: =SUM(H17:H24) -> 0 | I16: =SUM(I17:I24) -> 0 | J16: =SUM(J17:J24) -> 0 | ... N16: =SUM(N17:N24) -> 0 | O16: =SUM(C16:N16) -> 0
B17: Report à nouveau | C17: 0 | D17: 0 | E17: 0 | F17: 0 | G17: 0 | H17: 0 | I17: 0 | J17: 0 | K17: 0 | L17: 0 | M17: 0 | N17: 0 | O17: =SUM(C17:N17) -> 0
B18: Subventions | C18: 0 | D18: 0 | E18: 0 | F18: 0 | G18: 0 | H18: 0 | I18: 0 | J18: 0 | K18: 0 | L18: 0 | M18: 0 | N18: 0 | O18: =SUM(C18:N18) -> 0
B19: Sponsoring / Dons | C19: 0 | D19: 0 | E19: 0 | F19: 0 | G19: 0 | H19: 0 | I19: 0 | J19: 0 | K19: 0 | L19: 0 | M19: 0 | N19: 0 | O19: =SUM(C19:N19) -> 0
B20: Apport membres | C20: 0 | D20: 0 | E20: 0 | F20: 0 | G20: 0 | H20: 0 | I20: 0 | J20: 0 | K20: 0 | L20: 0 | M20: 0 | N20: 0 | O20: =SUM(C20:N20) -> 0
B21: Billetteries | C21: 0 | D21: 0 | E21: 0 | F21: 0 | G21: 0 | H21: 0 | I21: 0 | J21: 0 | K21: 0 | L21: 0 | M21: 0 | N21: 0 | O21: =SUM(C21:N21) -> 0
B22: Prestation de services | C22: 0 | D22: 0 | E22: 0 | F22: 0 | G22: 0 | H22: 0 | I22: 0 | J22: 0 | K22: 0 | L22: 0 | M22: 0 | N22: 0 | O22: =SUM(C22:N22) -> 0
B23: Remboursements | C23: 0 | D23: 0 | E23: 0 | F23: 0 | G23: 0 | H23: 0 | I23: 0 | J23: 0 | K23: 0 | L23: 0 | M23: 0 | N23: 0 | O23: =SUM(C23:N23) -> 0
B24: Autres | C24: 0 | D24: 0 | E24: 0 | F24: 0 | G24: 0 | H24: 0 | I24: 0 | J24: 0 | K24: 0 | L24: 0 | M24: 0 | N24: 0 | O24: =SUM(C24:N24) -> 0
